[ AOE2 MATCH · #505567883 ]
UnrankedBritons vs Malians
Player's team · WIN
Rival team · LOSS
[ REPLAY ANALYSIS · EXTRACTED FROM THE RECORDED GAME ]
Feudal
8:55
Castle
23:33
Imperial
41:01
| APM avg | 48.0 |
| APM peak | 110 |
| eAPM avg | 21.9 |
| Villagers / military | 142 / 101 |
Focus
⚔️ 31.5% · 🌾 68.5%
Archer ×88 · Knight ×10 · Spearman ×2 · Trebuchet (Packed) ×1
Feudal
10:16
Castle
21:55
Imperial
—
| APM avg | 37.1 |
| APM peak | 79 |
| eAPM avg | 17.2 |
| Villagers / military | 99 / 95 |
Focus
⚔️ 32.1% · 🌾 67.9%
Militia ×32 · Spearman ×23 · Scout Cavalry ×12 · Battering Ram ×11 · Skirmisher ×7 · Mangonel ×6
Match map
Initial resources + every placement click. Lines = walls · curves = elevation contours. ◆ gold · ⬟ stone · ● berries · ✦ relic · ◌ wall gap
Your base· Open — 5t gap
leonardoandrade534312's base· Open — unwalled flank
Smoothed initial terrain · ◌ = detected wall gap · hover for details
Inputs per minute
— Hugo - - leonardoandrade534312
Build order — Hugo
First 150 of 314 actions detected
| 0:01 | Create | Villager (Male) |
| 0:01 | Create | Villager (Male) |
| 0:02 | Build | House |
| 0:04 | Build | House |
| 0:18 | Create | Villager (Male) |
| 0:18 | Create | Villager (Male) |
| 1:21 | Build | Lumber Camp |
| 1:45 | Create | Villager (Male) |
| 1:45 | Create | Villager (Male) |
| 1:45 | Create | Villager (Male) |
| 2:13 | Create | Villager (Male) |
| 2:13 | Create | Villager (Male) |
| 2:33 | Create | Villager (Male) |
| 2:34 | Create | Villager (Male) |
| 2:56 | Create | Villager (Male) |
| 2:56 | Create | Villager (Male) |
| 3:04 | Build | House |
| 3:48 | Create | Villager (Male) |
| 3:48 | Create | Villager (Male) |
| 4:15 | Create | Villager (Male) |
| 4:16 | Create | Villager (Male) |
| 4:16 | Create | Villager (Male) |
| 4:16 | Create | Villager (Male) |
| 4:17 | Create | Villager (Male) |
| 4:20 | Build | Mill |
| 4:35 | Create | Villager (Male) |
| 4:36 | Create | Villager (Male) |
| 4:36 | Create | Villager (Male) |
| 5:32 | Create | Villager (Male) |
| 6:00 | Research | Loom |
| 6:32 | Research | Feudal Age |
| 6:33 | Research | Feudal Age |
| 7:17 | Build | Mining Camp |
| 7:45 | Build | House |
| 8:30 | Build | Barracks |
| 8:47 | Create | Villager (Male) |
| 8:55 | Age | Feudal Age |
| 8:56 | Research | Double-Bit Axe |
| 8:56 | Research | Double-Bit Axe |
| 8:57 | Research | Double-Bit Axe |
| 9:21 | Create | Villager (Male) |
| 9:45 | Create | Villager (Male) |
| 9:45 | Create | Villager (Male) |
| 10:18 | Build | House |
| 10:25 | Create | Villager (Male) |
| 10:31 | Build | Archery Range |
| 10:49 | Build | Archery Range |
| 10:54 | Build | Archery Range |
| 11:00 | Create | Villager (Male) |
| 11:00 | Create | Villager (Male) |
| 11:06 | Build | House |
| 11:21 | Create | Archer |
| 11:34 | Create | Archer |
| 11:38 | Build | House |
| 11:46 | Create | Villager (Male) |
| 11:49 | Build | House |
| 12:00 | Build | Palisade Wall |
| 12:05 | Create | Archer |
| 12:05 | Create | Archer |
| 12:09 | Create | Archer |
| 12:14 | Build | Blacksmith |
| 12:19 | Create | Villager (Male) |
| 12:20 | Create | Villager (Male) |
| 12:20 | Create | Villager (Male) |
| 12:27 | Build | House |
| 12:35 | Create | Archer |
| 12:58 | Create | Archer |
| 12:59 | Create | Archer |
| 13:06 | Create | Villager (Male) |
| 13:07 | Build | Farm |
| 13:11 | Research | Horse Collar |
| 13:11 | Research | Horse Collar |
| 13:18 | Research | Fletching |
| 13:19 | Research | Fletching |
| 13:42 | Create | Archer |
| 13:42 | Create | Archer |
| 13:56 | Create | Villager (Male) |
| 13:57 | Create | Villager (Male) |
| 14:02 | Build | Farm |
| 14:05 | Build | Farm |
| 14:13 | Create | Archer |
| 14:13 | Create | Archer |
| 14:18 | Build | Farm |
| 14:21 | Create | Villager (Male) |
| 14:23 | Create | Archer |
| 14:23 | Create | Archer |
| 14:36 | Build | House |
| 14:39 | Build | House |
| 14:43 | Create | Villager (Male) |
| 14:44 | Build | Farm |
| 15:03 | Create | Villager (Male) |
| 15:05 | Build | Farm |
| 15:52 | Create | Villager (Male) |
| 15:52 | Create | Villager (Male) |
| 16:00 | Build | Farm |
| 16:02 | Build | Farm |
| 16:04 | Create | Archer |
| 16:04 | Create | Archer |
| 16:04 | Create | Archer |
| 16:13 | Research | Padded Archer Armor |
| 16:13 | Create | Archer |
| 16:14 | Create | Archer |
| 16:14 | Create | Archer |
| 16:37 | Build | Farm |
| 16:39 | Create | Villager (Male) |
| 16:57 | Create | Villager (Male) |
| 16:58 | Create | Archer |
| 16:58 | Create | Archer |
| 16:59 | Create | Archer |
| 17:29 | Create | Villager (Male) |
| 17:35 | Create | Archer |
| 17:35 | Create | Archer |
| 17:52 | Build | Lumber Camp |
| 17:59 | Build | Farm |
| 18:03 | Create | Villager (Male) |
| 18:05 | Create | Villager (Male) |
| 18:05 | Research | Wheelbarrow |
| 18:41 | Create | Archer |
| 18:54 | Build | Market |
| 19:05 | Create | Archer |
| 19:05 | Create | Archer |
| 19:07 | Create | Archer |
| 20:01 | Build | House |
| 20:11 | Create | Archer |
| 20:11 | Create | Archer |
| 20:14 | Create | Villager (Male) |
| 20:36 | Build | House |
| 20:50 | Create | Archer |
| 20:53 | Research | Castle Age |
| 20:53 | Research | Castle Age |
| 20:53 | Research | Castle Age |
| 21:07 | Build | House |
| 21:15 | Build | House |
| 21:20 | Build | House |
| 21:27 | Create | Archer |
| 21:28 | Create | Archer |
| 21:56 | Create | Archer |
| 22:03 | Create | Archer |
| 22:33 | Create | Archer |
| 22:34 | Create | Archer |
| 22:44 | Build | House |
| 23:11 | Create | Spearman |
| 23:11 | Create | Spearman |
| 23:33 | Age | Castle Age |
| 23:36 | Research | Crossbowman (upgrade) |
| 23:36 | Research | Crossbowman (upgrade) |
| 23:38 | Research | Bodkin Arrow |
| 23:39 | Research | Bodkin Arrow |
| 23:53 | Create | Villager (Male) |
| 23:58 | Build | University |
Build order — leonardoandrade534312
First 150 of 291 actions detected
| 0:01 | Create | Villager (Male) ×4 |
| 0:02 | Build | House |
| 0:03 | Build | House |
| 1:34 | Create | Villager (Male) |
| 1:53 | Create | Villager (Male) |
| 1:57 | Build | Lumber Camp |
| 2:27 | Create | Villager (Male) |
| 2:51 | Create | Villager (Male) |
| 3:01 | Create | Villager (Male) |
| 3:39 | Create | Villager (Male) |
| 3:49 | Build | House |
| 4:03 | Create | Villager (Male) |
| 4:35 | Create | Villager (Male) |
| 4:41 | Build | Barracks |
| 4:44 | Build | House |
| 5:03 | Create | Villager (Male) |
| 5:04 | Create | Villager (Male) |
| 5:40 | Create | Villager (Male) |
| 6:03 | Create | Militia |
| 6:19 | Build | Mill |
| 6:23 | Create | Militia |
| 6:28 | Create | Villager (Male) |
| 6:34 | Research | Loom |
| 6:48 | Create | Villager (Male) |
| 6:49 | Research | Loom |
| 7:44 | Build | Mill |
| 8:06 | Research | Feudal Age |
| 8:20 | Build | Mining Camp |
| 9:45 | Create | Militia |
| 10:14 | Create | Militia |
| 10:16 | Age | Feudal Age |
| 10:23 | Build | Archery Range |
| 10:26 | Research | Double-Bit Axe |
| 10:27 | Create | Villager (Male) |
| 10:29 | Build | Farm |
| 10:30 | Build | Farm |
| 10:39 | Build | Farm |
| 10:41 | Build | Farm |
| 10:53 | Create | Villager (Male) |
| 10:58 | Build | Farm |
| 11:11 | Create | Skirmisher |
| 11:19 | Create | Villager (Male) |
| 11:29 | Build | House |
| 11:30 | Research | Man-at-Arms (upgrade) |
| 11:39 | Build | House |
| 11:42 | Build | Palisade Wall |
| 11:49 | Build | Farm |
| 11:50 | Build | Farm |
| 11:52 | Create | Villager (Male) |
| 11:56 | Create | Villager (Male) |
| 12:13 | Build | Farm |
| 12:17 | Create | Archer |
| 12:22 | Create | Skirmisher |
| 12:33 | Build | House |
| 12:37 | Create | Militia |
| 12:40 | Create | Skirmisher |
| 12:54 | Build | Farm |
| 12:54 | Build | Farm |
| 12:55 | Build | Farm |
| 12:59 | Create | Villager (Male) |
| 13:21 | Create | Villager (Male) |
| 13:37 | Create | Villager (Male) |
| 13:41 | Create | Spearman |
| 13:57 | Create | Villager (Male) |
| 14:04 | Build | Blacksmith |
| 14:09 | Build | Mill |
| 14:15 | Create | Skirmisher |
| 14:15 | Create | Skirmisher |
| 14:17 | Create | Militia |
| 14:27 | Build | House |
| 14:28 | Build | House |
| 14:29 | Create | Villager (Male) |
| 14:37 | Create | Skirmisher |
| 14:49 | Research | Padded Archer Armor |
| 15:06 | Create | Skirmisher |
| 15:07 | Create | Villager (Male) |
| 15:13 | Research | Scale Mail Armor |
| 15:18 | Build | House |
| 15:19 | Build | House |
| 15:46 | Create | Villager (Male) |
| 15:49 | Build | House |
| 16:14 | Create | Villager (Male) |
| 16:14 | Create | Villager (Male) |
| 16:24 | Build | Palisade Gate |
| 16:51 | Create | Villager (Male) |
| 16:51 | Create | Villager (Male) |
| 17:03 | Build | Lumber Camp |
| 17:10 | Create | Villager (Male) |
| 17:13 | Build | Farm |
| 17:14 | Build | Farm |
| 17:33 | Build | Palisade Gate |
| 17:35 | Build | Palisade Wall |
| 18:09 | Build | Farm |
| 18:11 | Create | Villager (Male) |
| 18:13 | Build | Farm |
| 18:24 | Build | Palisade Wall |
| 18:25 | Build | Palisade Wall |
| 18:50 | Build | House |
| 18:52 | Build | House |
| 19:15 | Research | Castle Age |
| 19:21 | Build | Stable |
| 19:38 | Build | Stable |
| 19:47 | Research | Scale Barding Armor |
| 19:56 | Build | Farm |
| 20:02 | Build | House |
| 20:21 | Research | Bloodlines |
| 20:38 | Build | House |
| 20:44 | Create | Scout Cavalry |
| 20:45 | Create | Scout Cavalry |
| 21:08 | Research | Forging |
| 21:22 | Build | Market |
| 21:26 | Create | Scout Cavalry |
| 21:26 | Create | Scout Cavalry |
| 21:39 | Create | Scout Cavalry |
| 21:39 | Create | Scout Cavalry |
| 21:50 | Build | Farm |
| 21:53 | Build | Farm |
| 21:55 | Age | Castle Age |
| 21:57 | Create | Villager (Male) |
| 22:19 | Research | Bow Saw |
| 22:31 | Create | Villager (Male) |
| 22:41 | Build | House |
| 22:52 | Create | Villager (Male) |
| 22:55 | Research | Wheelbarrow |
| 23:04 | Build | House |
| 23:05 | Build | Palisade Wall |
| 23:06 | Build | Palisade Wall |
| 23:21 | Create | Villager (Male) |
| 23:25 | Build | Siege Workshop |
| 23:28 | Research | Light Cavalry (upgrade) |
| 23:39 | Research | Husbandry |
| 24:03 | Build | Town Center |
| 24:08 | Build | Lumber Camp |
| 24:24 | Create | Scout Cavalry |
| 24:24 | Create | Scout Cavalry |
| 24:24 | Create | Scout Cavalry |
| 24:28 | Create | Villager (Male) |
| 24:39 | Build | Palisade Wall |
| 24:42 | Build | Palisade Wall |
| 24:52 | Create | Villager (Male) |
| 25:03 | Create | Scorpion |
| 25:17 | Create | Scout Cavalry |
| 25:17 | Create | Scout Cavalry |
| 25:17 | Create | Scout Cavalry |
| 25:18 | Create | Villager (Male) |
| 25:47 | Create | Mangonel |
| 27:08 | Create | Villager (Male) |
| 27:21 | Create | Mangonel |
| 27:39 | Create | Villager (Male) |
| 27:42 | Create | Villager (Male) |
Match timeline
| 4:41 | leonardoandrade534312 · first_building Barracks |
| 8:30 | Hugo · first_building Barracks |
| 8:55 | Hugo · age_up feudal |
| 10:16 | leonardoandrade534312 · age_up feudal |
| 10:23 | leonardoandrade534312 · first_building Archery Range |
| 10:31 | Hugo · first_building Archery Range |
| 11:42 | leonardoandrade534312 · wall_segment Palisade Wall x1 |
| 12:00 | Hugo · wall_segment Palisade Wall x13 |
| 17:35 | leonardoandrade534312 · wall_segment Palisade Wall x2 |
| 18:24 | leonardoandrade534312 · wall_segment Palisade Wall x3 |
| 18:25 | leonardoandrade534312 · wall_segment Palisade Wall x6 |
| 19:21 | leonardoandrade534312 · first_building Stable |
| 20:19 | Hugo · first_market_sell 100 wood |
| 20:21 | Hugo · first_market_buy 100 food |
| 21:55 | leonardoandrade534312 · age_up castle |
| 23:05 | leonardoandrade534312 · wall_segment Palisade Wall x4 |
| 23:06 | leonardoandrade534312 · wall_segment Palisade Wall x3 |
| 23:25 | leonardoandrade534312 · first_building Siege Workshop |
| 23:32 | leonardoandrade534312 · first_market_buy 100 food |
| 23:33 | Hugo · age_up castle |
| 24:39 | leonardoandrade534312 · wall_segment Palisade Wall x1 |
| 24:42 | leonardoandrade534312 · wall_segment Palisade Wall x1 |
| 25:43 | leonardoandrade534312 · first_market_sell 100 food |
| 31:50 | Hugo · first_building Stable |
| 35:54 | Hugo · first_building Castle |
| 41:01 | Hugo · age_up imperial |
| 42:09 | leonardoandrade534312 · resign |
[ AI ANALYSIS · 1 CREDIT ]
What really happened in this match?
Wolo.gg analyzes every decision: build order, eco, micro, common mistakes by bracket. Personalized analysis on WhatsApp or Discord in 30 seconds.
Civ guide
Britons
Perfil
Hugo